 Dungeon Crawl Stone Soup version 0.27-a0-767-g00efbec225 (webtiles) character file.

Game seed: 10003259282801939755

92274 Bapho the Brawler (level 15, 20/147 (148) HPs)
             Began as a Troll Monk on Mar 24, 2021.
             Quit the game on level 2 of the Pits of Slime on Mar 25, 2021.
             The game lasted 00:42:04 (16272 turns).

Bapho the Brawler (Troll Monk)                     Turns: 16272, Time: 00:42:05

HP:   20/147 (148)  AC: -1    Str: 27    XL:     15   Next: 57%
MP:   0/14          EV: 17    Int:  6    God:
Gold: 2571          SH:  0    Dex: 17    Spells: 14/14 levels left

rFire    + . .     SeeInvis .     - Unarmed
rCold    + . .     Faith    .   (no shield)
rNeg     . . .     Spirit   +   w - +0 steam dragon scales
rPois    .         Reflect  .   A - +1 hat
rElec    .         Harm     .   I - scarf {+Inv}
rCorr    .         Rampage  .   (gloves unavailable)
Will     +....     Rnd*Rage +   (boots unavailable)
Stlth    ++........             N - amulet of guardian spirit
HPRegen  1.34/turn              y - +4 ring of evasion
MPRegen  0.14/turn              k - ring "Noutit" {rF+ rC+ Dex+4}

@: engulfed (cannot breathe), corroded, lightly drained
A: large, unfitting armour, claws 3, regeneration 1, shaggy fur 1, tough skin 1,
berserk 1, blurry vision 1
a: Evoke Invisibility


You were on level 2 of the Pits of Slime.
You visited 4 branches of the dungeon, and saw 21 of its levels.
You also visited: Ossuary.

You collected 2571 gold pieces.

Inventory:

Hand Weapons
 o - a +1 long sword of flaming
 v - a +0 vorpal giant spiked club
Missiles
 d - 333 stones (quivered)
 g - 80 poisoned darts
 P - 5 large rocks
Armour
 a - a +1 robe
 m - a +2 cloak of preservation
 w - +0 steam dragon scales (worn)
 A - a +1 hat (worn)
 C - a +0 troll leather armour
 I - a scarf of invisibility (worn)
Jewellery
 k - the ring "Noutit" (left claw) {rF+ rC+ Dex+4}
   (You acquired it on level 4 of the Pits of Slime)

   [ring of protection from cold]

   It affects your dexterity (+4).
   It protects you from fire.
   It protects you from cold.
 n - an amulet of magic regeneration
 y - a +4 ring of evasion (right claw)
 D - a +6 ring of intelligence
 J - a ring of wizardry
 N - an amulet of guardian spirit (around neck)
 Q - a ring of magical power
Wands
 s - a wand of digging (5)
 x - a wand of acid (19)
 E - a wand of random effects (29)
 H - a wand of flame (16)
 L - a wand of paralysis (4)
Scrolls
 c - 4 scrolls of immolation
 f - 4 scrolls of enchant weapon
 h - 3 scrolls of fog
 B - a scroll of identify
 M - a scroll of enchant armour
Potions
 b - 4 potions of degeneration
 e - a potion of heal wounds
 i - 3 potions of ambrosia
 j - 2 potions of mutation
 l - a potion of flight
 p - a potion of lignification
 q - 4 potions of curing
 z - a potion of invisibility
Miscellaneous
 G - a tin of tremorstones (2/2)


   Skills:
 + Level 9.5 Fighting
 + Level 9.2 Armour
 - Level 6.2 Dodging
 - Level 1.0 Stealth
 + Level 17.3 Unarmed Combat
 - Level 7.0 Evocations


You had 14 spell levels left.
You didn't know any spells.
Your spell library contained the following spells:

 Spells                   Type           Power      Damage    Failure   Level
 Animate Skeleton         Necr           0%         N/A       45%         1
 Apportation              Tloc           0%         N/A       45%         1
 Corona                   Hex            0%         N/A       45%         1
 Magic Dart               Conj           0%         1d3       45%         1
 Shock                    Conj/Air       0%         1d3       45%         1
 Summon Small Mammal      Summ           0%         N/A       45%         1
 Blink                    Tloc           N/A        N/A       58%         2
 Call Imp                 Summ           0%         N/A       58%         2
 Slow                     Hex            0%         N/A       58%         2
 Swiftness                Air            0%         N/A       58%         2
 Conjure Flame            Conj/Fire      0%         6-21      83%         3
 Mephitic Cloud           Conj/Pois/Air  0%         N/A       83%         3
 Static Discharge         Conj/Air       0%         N/A       83%         3
 Airstrike                Air            0%         N/A       99%         4
 Lightning Bolt           Conj/Air       0%         1d11      100%        5
 Chain Lightning          Conj/Air       0%         N/A       100%        8
 Lehudib's Crystal Spear  Conj/Erth      0%         10d2      100%        8
 Absolute Zero            Ice            0%         ∞         100%        9
 Fire Storm               Conj/Fire      0%         5d1       100%        9


Dungeon Overview and Level Annotations

Branches:
Dungeon (10/15)            Temple (1/1) D:4            Lair (5/6) D:9
  Swamp (0/4) Lair:2        Snake (0/4) Lair:4        Slime (5/5) Lair:5
Ossuary (visited)
    Orc: D:9-12

Altars:
Ashenzari
Cheibriados
Dithmenos
Elyvilon
Fedhas
Gozag
Hepliaklqana
Kikubaaqudgha
Makhleb
Nemelex Xobeh
Okawaru
Qazlal
Ru
Sif Muna
Trog
Uskayaw
Vehumet
Wu Jian
Xom
Yredelemnul
Zin
The Shining One

Shops:
D:3 =   D:6 [


Innate Abilities, Weirdness & Mutations

You are too large for most types of armour.
You have claws for hands.
Your natural rate of healing is unusually fast.
You are covered in fur. (AC +1)
You have tough skin. (AC +1)
You tend to lose your temper in combat.
Scrolls take you a little longer to read.


Message History

You feel much better. The quicksilver ooze hits you.
* * * LOW HITPOINT WARNING * * *
The quicksilver ooze engulfs you in water!
The quicksilver ooze hits you!
* * * LOW HITPOINT WARNING * * *
You feel your power leaking away.
Welcome back, Bapho the Troll Monk.
Welcome back, Bapho the Troll Monk.
Welcome back, Bapho the Troll Monk.
Welcome back, Bapho the Troll Monk.
Welcome back, Bapho the Troll Monk.
Welcome back, Bapho the Troll Monk.
Welcome back, Bapho the Troll Monk.
Welcome back, Bapho the Troll Monk.
Welcome back, Bapho the Troll Monk.
Welcome back, Bapho the Troll Monk.
Welcome back, Bapho the Troll Monk.
Welcome back, Bapho the Troll Monk.
Welcome back, Bapho the Troll Monk.
Welcome back, Bapho the Troll Monk.
Welcome back, Bapho the Troll Monk.
Welcome back, Bapho the Troll Monk.
Welcome back, Bapho the Troll Monk.
Welcome back, Bapho the Troll Monk.
Welcome back, Bapho the Troll Monk.
Welcome back, Bapho the Troll Monk.
Welcome back, Bapho the Troll Monk.
Welcome back, Bapho the Troll Monk.
Welcome back, Bapho the Troll Monk.
Welcome back, Bapho the Troll Monk.
Welcome back, Bapho the Troll Monk.
Welcome back, Bapho the Troll Monk.
Welcome back, Bapho the Troll Monk.
Press ? for a list of commands and other information.
Welcome back, Bapho the Troll Monk.
Welcome back, Bapho the Troll Monk.
Press ? for a list of commands and other information.
Welcome back, Bapho the Troll Monk.
Press ? for a list of commands and other information.
Are you sure you want to abandon this character and quit the game? (Confirm with "yes".)

..#..##.....#.........
.. .....##.........#.##.
... #..............### .
....##...............#..
....##.........#........
.............#..#......#
.................#.....#
......J...........#...##
.......@J.....#..#.####
.......J............#
..........##.....#.##
..............#.##
..............###
.#.............
..............#
...........#.##


You could see an acid blob, a slime creature and a quicksilver ooze.

Vanquished Creatures
  Rupert (Lair:4)
  An acid blob (Slime:2)
  2 rockslimes
  An azure jelly (Slime:4)
  2 quicksilver oozes (Slime:4)
  3 hydras
  A great orb of eyes (Slime:5)
  A two-headed ogre (D:7)
  5 death yaks
  2 bog bodies (Lair:2)
  Pikel (D:7)
  A shining eye (Slime:4)
  An oklob plant (D:6)
  7 elephants
  6 cane toads
  A black mamba (Lair:2)
  A torpor snail (Lair:5)
  An eye of devastation (Slime:4)
  A gargoyle (D:9)
  Maggie (D:7)
  3 rime drakes (Lair:3)
  5 komodo dragons
  2 trolls (D:9)
  A queen bee (Lair:3)
  A hornet (D:9)
  20 slime creatures
  9 blink frogs
  7 dream sheep (Lair:5)
  37 yaks
  6 wyverns
  A basilisk (Lair:3)
  2 nagas (Lair:4)
  10 water moccasins
  2 ice beasts
  2 sky beasts
  3 black bears
  3 ogres
  2 centaurs
  34 wolves
  3 lemures (D:7)
  2 phantoms (D:4)
  17 bullfrogs
  4 water moccasin zombies (Ossuary)
  A scorpion (D:5)
  23 killer bees (Lair:3)
  2 howler monkeys (D:4)
  8 wights
  5 hounds
  A jelly (D:6)
  2 bullfrog skeletons
  An orc priest (D:7)
  3 iguanas
  10 orc wizards
  5 hell rats
  7 removed worker ants
  3 hound skeletons
  2 mummies (Ossuary)
  2 removed worker ant zombies
  2 howler monkey zombies
  13 adders
  7 gnolls
  A river rat (Lair:3)
  A shadow imp (D:8)
  3 white imps
  2 ufetubi (D:5)
  6 adder zombies
  4 adder skeletons
  2 worms
  2 dart slugs
  17 orcs
  4 bats
  7 endoplasms
  5 giant cockroaches
  6 goblins
  2 hobgoblins
  8 jackals
  10 kobolds
  7 quokkas
  4 ball pythons
  5 frilled lizards
  2 gnoll zombies (Ossuary)
  2 hobgoblin zombies (Ossuary)
  3 kobold zombies (Ossuary)
  6 orc zombies (Ossuary)
  A quokka zombie (D:6)
  8 rats
431 creatures vanquished.

Vanquished Creatures (others)
  18 fungi
  14 plants
32 creatures vanquished.

Grand Total: 463 creatures vanquished

Notes
Turn   | Place    | Note
-------+----------+-------------------------------------------
     0 | D:1      | Bapho the Troll Monk began the quest for the Orb.
     0 | D:1      | Reached XP level 1. HP: 22/22 MP: 0/0
   123 | D:1      | Reached XP level 2. HP: 27/29 MP: 1/1
   718 | D:2      | Reached skill level 4 in Unarmed Combat
   782 | D:2      | Reached XP level 3. HP: 36/36 MP: 2/2
   860 | D:2      | Reached skill level 5 in Unarmed Combat
   860 | D:2      | Reached XP level 4. HP: 18/44 MP: 3/3
  1122 | D:2      | Found a broken altar of Ashenzari.
  1176 | D:2      | Found an iron altar of Okawaru.
  1520 | D:3      | Found Faam's Jewellery Shoppe.
  1829 | D:3      | Reached XP level 5. HP: 49/50 MP: 4/4
  1858 | D:3      | Reached skill level 6 in Unarmed Combat
  2464 | D:4      | Noticed a phantom
  2469 | D:4      | Killed a phantom
  2557 | D:4      | Noticed a phantom
  2568 | D:4      | Killed a phantom
  2569 | D:4      | Reached skill level 7 in Unarmed Combat
  2569 | D:4      | Reached XP level 6. HP: 25/59 MP: 5/5
  2825 | D:4      | Found a staircase to the Ecumenical Temple.
  2833 | Temple   | Entered the Ecumenical Temple
  2950 | D:4      | Found an ornate altar of the Wu Jian Council.
  3094 | D:4      | Found a glowing silver altar of Zin.
  3272 | D:4      | Reached skill level 8 in Unarmed Combat
  3274 | D:4      | Reached XP level 7. HP: 66/66 MP: 6/6
  3421 | D:5      | Entered Level 5 of the Dungeon
  3859 | D:5      | Reached skill level 9 in Unarmed Combat
  4484 | D:6      | Found a hazy altar of Hepliaklqana.
  4484 | D:6      | Noticed an oklob plant
  4503 | D:6      | Found a sand-covered staircase.
  4509 | Ossuary  | Entered an ossuary
  4594 | Ossuary  | Reached XP level 8. HP: 70/74 MP: 7/7
  4597 | Ossuary  | Reached skill level 10 in Unarmed Combat
  4881 | D:6      | Found Danow's Antique Armour Emporium.
  5273 | D:6      | Killed an oklob plant
  5274 | D:6      | Reached skill level 11 in Unarmed Combat
  5274 | D:6      | Reached XP level 9. HP: 46/84 MP: 8/8
  5501 | D:7      | Noticed Maggie
  5518 | D:7      | Killed Maggie
  5817 | D:7      | Noticed Pikel
  5829 | D:7      | Killed Pikel
  5830 | D:7      | Reached skill level 5 in Fighting
  5830 | D:7      | Reached skill level 5 in Dodging
  6557 | D:8      | Noticed a two-headed ogre
  6666 | D:7      | Killed a two-headed ogre
  6667 | D:7      | Reached skill level 12 in Unarmed Combat
  6667 | D:7      | Reached XP level 10. HP: 85/98 MP: 9/9
  6777 | D:8      | Found an opulent altar of Gozag.
  6778 | D:8      | Found a blossoming altar of Fedhas.
  6778 | D:8      | Found a bloodstained altar of Trog.
  7028 | D:8      | Found a shimmering blue altar of Sif Muna.
  7031 | D:8      | Found a white marble altar of Elyvilon.
  7031 | D:8      | Found a radiant altar of Vehumet.
  7033 | D:8      | Found a shimmering altar of Xom.
  7033 | D:8      | Found a shadowy altar of Dithmenos.
  7033 | D:8      | Found an iron altar of Okawaru.
  7205 | D:9      | Noticed a gargoyle
  7220 | D:9      | Killed a gargoyle
  7489 | D:9      | Found a staircase to the Lair.
  7739 | D:9      | Found an opulent altar of Gozag.
  8231 | D:10     | Entered Level 10 of the Dungeon
  8248 | D:10     | Reached skill level 13 in Unarmed Combat
  8296 | Lair:1   | Entered Level 1 of the Lair of Beasts
  8526 | Lair:1   | Noticed a seven-headed hydra
  8625 | Lair:1   | Killed a one-headed hydra
  8626 | Lair:1   | Reached skill level 1 in Evocations
  8893 | Lair:1   | Reached XP level 11. HP: 105/105 MP: 10/10
  9832 | Lair:2   | Found a staircase to the Swamp.
  9832 | Lair:2   | Noticed a bog body
  9833 | Lair:2   | Noticed a bog body
  9946 | Lair:2   | Killed a bog body
  9952 | Lair:2   | Killed a bog body
  9953 | Lair:2   | Reached skill level 14 in Unarmed Combat
  9953 | Lair:2   | Reached skill level 5 in Evocations
 10414 | Lair:3   | Identified 3 scrolls of acquirement
 10414 | Lair:3   | Acquired a +2 cloak of preservation
 10426 | Lair:3   | Acquired 751 gold pieces
 10427 | Lair:3   | Acquired 979 gold pieces
 10537 | Lair:3   | Noticed a four-headed hydra
 10638 | Lair:2   | Killed a one-headed hydra
 10959 | Lair:3   | Reached XP level 12. HP: 114/114 MP: 11/11
 11084 | Lair:3   | Reached skill level 1 in Armour
 11978 | Lair:4   | Found a staircase to the Snake Pit.
 12284 | Lair:4   | Reached skill level 15 in Unarmed Combat
 12776 | Lair:4   | Noticed Rupert
 12952 | Lair:4   | Killed Rupert
 13527 | Lair:5   | Noticed a death yak
 13532 | Lair:5   | Noticed a death yak
 13533 | Lair:5   | Noticed a death yak
 13533 | Lair:5   | Noticed a death yak
 13534 | Lair:5   | Reached skill level 16 in Unarmed Combat
 13534 | Lair:5   | Reached XP level 13. HP: 126/127 MP: 12/12
 13535 | Lair:5   | Reached XP level 14. HP: 135/135 MP: 13/13
 13753 | Lair:5   | Reached XP level 15. HP: 143/143 MP: 14/14
 14606 | Lair:5   | Found a staircase to the Slime Pits.
 14623 | Lair:5   | Identified the +0 ring mail "Arhiuxut" {Rampage +Blink
                  | Dex-4}
 14778 | Slime:1  | Entered Level 1 of the Pits of Slime
 15649 | Slime:2  | Noticed a rockslime
 15657 | Slime:2  | Noticed an acid blob
 15696 | Lair:5   | Killed a rockslime
 15783 | Slime:2  | Killed an acid blob
 15784 | Slime:2  | Reached skill level 17 in Unarmed Combat
 15966 | Slime:5  | Entered Level 5 of the Pits of Slime
 15969 | Slime:5  | Noticed an acid blob
 15969 | Slime:5  | Noticed an acid blob
 15970 | Slime:5  | Noticed an azure jelly
 15972 | Slime:5  | Noticed a rockslime
 15974 | Slime:5  | Noticed an acid blob
 15996 | Slime:4  | Acquired the ring "Noutit" {rF+ rC+ Dex+4}
 16025 | Slime:4  | HP: 8/211 [quicksilver ooze (14)]
 16031 | Slime:4  | Killed an azure jelly
 16140 | Slime:5  | Noticed an acid blob
 16149 | Slime:4  | Killed a rockslime
 16213 | Slime:5  | Gained mutation: You tend to lose your temper in combat. [a
                  | shining eye]
 16215 | Slime:4  | Gained mutation: Scrolls take you a little longer to read.
                  | [a shining eye]
 16265 | Slime:4  | HP: 6/147 [acid (7)]
 16272 | Slime:2  | Upgraded the game from 0.27-a0-752-gc3205288ea to
                  | 0.27-a0-767-g00efbec225
 16272 | Slime:2  | Quit the game

Illustrated notes

Levels and vault maps discovered:
D:1:      dpeg_arrival_round_b, layout_basic
D:2:      layout_rooms, overflow_temple_1_default, evilmike_ruin_ashenzari
D:3:      layout_basic, serial_shops, shop
D:4:      layout_basic, marbit_many_paths, kennysheep_mini_moat,
          minmay_temple_entry_gardened_gates, serial_curves, eino_curves_03,
          eino_curves_04
D:5:      layout_basic
D:6:      layout_basic, nicolae_ossuary_entry_monument, serial_shops, shop,
          lemuel_oklob_altar
D:7:      layout_layer_cave, uniq_maggie, uniq_pikel
D:8:      layout_cave_pools, gammafunk_temple_overflow_forgotten,
          doesnt_xom_only_xom
D:9:      layout_irregular_city, lair_entry_dummy, grunt_gozag_statues
D:10:     layout_big_octagon, minmay_orc_entry_temple_small,
          hangedman_pestilent_swarm, minmay_quadrilaterals, uniq_urug,
          uniq_erica, uniq_fannar
Temple:   jpeg_temple_clearing
Lair:1:   layout_chaotic_city, grunt_megastairs_2
Lair:2:   layout_roguey, skrybe_swamp_entry_bodies, minivault_19, minivault_26,
          nicolae_lair_grove_arrangements
Lair:3:   regret_index_combs_of_tragedy, layout_cave_shapes
Lair:4:   layout_layer_cave, guppyfry_snake_entry_garden, uniq_rupert
Lair:5:   layout_cave_pods, dpeg_slime_entry_corner,
          grunt_forest_large_clearings
Slime:1:  layout_caves
Slime:2:  layout_caves
Slime:3:  cheibrodos_slime_lost_civilization_3, layout_caves
Slime:4:  layout_caves
Slime:5

Skill      XL: |  1  2  3  4  5  6  7  8  9 10 11 12 13 14 15 |
---------------+----------------------------------------------+-----
Unarmed Combat | 4 5 7 8 9 11 12 13 14 16 17 | 17.3
Fighting       | 3 5 6 7 8 9 |  9.5
Dodging        | 3 5 6 |  6.2
Evocations     | 2 6 7 |  7.0
Armour         | 4 7 9 |  9.2
Stealth        | |  1.0

Action                   |  1- 3 |  4- 6 |  7- 9 | 10-12 | 13-15 || total
-------------------------+-------+-------+-------+-------+-------++-------
Melee: Unarmed           |    66 |   149 |   317 |   592 |   366 ||  1490
       Punch             |       |       |    11 |    36 |    40 ||    87
       Long sword        |       |       |       |    16 |     5 ||    21
Throw: Stone             |    29 |   161 |   168 |   249 |    53 ||   660
 Abil: Evoke Invisibilit |       |       |       |       |     2 ||     2
Evoke: Wand              |       |       |       |     1 |     1 ||     2
  Use: Scroll            |     4 |       |     8 |    11 |     8 ||    31
       Potion            |       |       |       |     4 |    10 ||    14
 Stab: Sleeping          |     2 |     2 |     1 |       |     1 ||     6
Armor: Robe              |    15 |    31 |    37 |       |       ||    83
       Steam dragon scal |       |       |    12 |   140 |   139 ||   291
       Skin              |       |       |       |       |    73 ||    73
Dodge: Dodged            |    24 |    63 |   103 |   417 |   359 ||   966
       Rpst.: Long sword |       |       |       |     4 |     2 ||     6

Table legend: (Time is in decaauts)
 A = Elapsed time spent in this place.
 B = Non-inter-level travel time spent in this place.
 C = Inter-level travel time spent in this place.
 D = Time resting spent in this place.
 E = Time spent auto-exploring this place.
 F = Levels seen in this place.
 G = Mean time per level.
                   A        B        C        D        E       F      G
               +--------+--------+--------+--------+--------+-----+--------+
         Total |  16051 |  15386 |    665 |    964 |  10859 |  22 |  729.6 |
       Dungeon |   7938 |   7495 |    443 |      7 |   5909 |  10 |  793.8 |
        Temple |     89 |     70 |     19 |      0 |     70 |   1 |   89.0 |
          Lair |   6830 |   6643 |    187 |    664 |   4376 |   5 | 1366.0 |
    Slime Pits |    984 |    969 |     15 |    293 |    390 |   5 |  196.8 |
       Ossuary |    208 |    208 |      0 |      0 |    114 |   1 |  208.0 |
               +--------+--------+--------+--------+--------+-----+--------+

Top non-repeatable levels by time:
  Lair:4: 1751 daAuts
  Lair:3: 1434 daAuts
  Lair:5: 1427 daAuts
  Lair:2: 1149 daAuts
     D:9: 1110 daAuts
  Lair:1: 1068 daAuts
     D:3: 1058 daAuts
     D:7: 957 daAuts
     D:4: 938 daAuts
     D:6: 920 daAuts
     D:5: 863 daAuts
     D:8: 738 daAuts
     D:1: 694 daAuts
     D:2: 633 daAuts
 Slime:1: 534 daAuts
